Heat vs Rocket

Created - Sunday, February 16, 2025 at 23:13

Goals
1 2 3 T
Heat 0 0 0 0
Rocket 1 2 1 4
Shots
1 2 3 T
Heat 9 7 11 27
Rocket 13 14 4 31

1st period

1. Rocket , Travis Boyd 12 (Anders Bjork 29, Jake Christiansen 20) at 19:20 (PP)

Penalties :
Dysin Mayo (LAV) for Tripping (Minor) at 1:27, Anders Bjork (LAV) for Interference (Minor) at 5:42, Jayson Megna (STO) for High sticking (Minor) at 6:03, John Klingberg (STO) for Holding (Minor) at 17:59

2nd period

2. Rocket , Oskar Sundqvist 9 (Josh Currie 10, Lucas Condotta 14) at 8:16
3. Rocket , Oskar Sundqvist 10 (Matt Irwin 12, Josh Currie 11) at 13:47

Penalties :
Ben Gleason (STO) for Tripping (Minor) at 2:01, Angus Crookshank (STO) for High sticking (Minor) at 2:14, John Klingberg (STO) for Holding (Minor) at 10:46, Max McCormick (STO) for Roughing (Minor) at 15:52

3rd period

4. Rocket , Brett Sutter 3 (Brogan Rafferty 19, Peter Holland 10) at 10:29

Penalties :
Matt Irwin (LAV) for Tripping (Minor) at 4:57, Alex Goligoski (STO) for Tripping (Minor) at 8:15, Peter Holland (LAV) for Cross-checking (Minor) at 13:05, Max McCormick (STO) for High sticking (Minor) at 15:28

Goalie Stats

Ales Stezka (STO), 27 saves from 31 shots - (0.871), L, 7-7-1, 60:00 minutes
Chris Driedger (LAV), 27 saves from 27 shots - (1.000), W, 21-16-3, 60:00 minutes

Players Stats for Heat

Player Name              G  A  P  +/- PIM S  H  SB GA TA FO     MP     PP MP  PK MP  
------------------------------------------------------------------------------------
Alex Goligoski           0  0  0  -2  2   0  1  1  0  0  0/0    22:22   2:46   4:34 
Andrew Agozzino          0  0  0  -1  0   1  0  1  0  0  11/17  15:33   0:00   5:35 
Angus Crookshank         0  0  0   0  2   4  4  0  0  0  0/2    15:14   0:00   5:09 
Anthony Richard          0  0  0   0  0   1  0  0  0  0  1/1    11:06   0:04   0:00 
Ben Gleason              0  0  0  -1  2   0  5  1  0  0  0/0    19:29   0:04   4:51 
Chris Terry              0  0  0  -1  0   1  0  0  0  0  0/0    14:25   0:00   4:27 
Georgi Merkulov          0  0  0  -1  0   1  1  1  0  0  0/1    13:00   2:58   0:00 
Jayson Megna             0  0  0  -1  2   3  1  0  0  0  9/21   13:24   3:15   0:00 
Jiri Kulich              0  0  0  -1  0   1  1  0  0  0  8/17   13:44   2:58   0:03 
John Klingberg           0  0  0  -2  4   7  2  0  0  0  0/0    21:20   2:56   2:00 
Josh Doan                0  0  0  -1  0   1  1  1  0  0  1/2    14:49   3:16   0:27 
Marcus Bjork             0  0  0   0  0   0  1  0  0  0  0/0    17:52   0:14   5:08 
Max McCormick            0  0  0  -1  4   2  1  0  0  0  0/2    10:00   0:04   0:00 
Mike Reilly              0  0  0  -1  0   1  0  1  0  0  0/0    19:11   3:18   2:00 
Nathan Walker            0  0  0  -1  0   0  2  0  0  0  0/0    13:25   3:16   0:00 
Ryan Johnson             0  0  0   0  0   0  0  4  0  0  0/0    19:42   3:18   5:07 
Sam Gagner               0  0  0  -1  0   4  2  1  0  0  0/0    13:41   2:58   0:00 
Tanner Laczynski         0  0  0   0  0   0  1  0  0  0  13/22  16:21   0:04   6:12 

Players Stats for Rocket

Player Name              G  A  P  +/- PIM S  H  SB GA TA FO     MP     PP MP  PK MP  
------------------------------------------------------------------------------------
Anders Bjork             0  1  1   0  2   5  3  0  0  0  0/1    16:50   6:24   1:33 
Austin Strand            0  0  0   0  0   0  0  0  0  0  0/0     0:06   0:00   0:06 
Brett Sutter             1  0  1   1  0   3  1  0  0  0  1/1    15:23   0:00   0:24 
Brogan Rafferty          0  1  1   1  0   2  2  1  0  0  0/0    18:45   5:31   0:40 
Dysin Mayo               0  0  0   1  2   1  0  0  0  0  0/0    14:25   0:00   0:40 
Jake Christiansen        0  1  1   1  0   1  1  0  0  0  0/0    22:19   5:31   3:07 
Jayden Struble           0  0  0   1  0   2  3  1  0  0  0/0    24:29   6:19   3:02 
Josh Currie              0  2  2   2  0   0  0  0  0  0  4/6     6:20   1:34   0:00 
Kevin Shattenkirk        0  0  0   1  0   0  0  1  0  0  0/0    23:33   6:19   2:49 
Lucas Condotta           0  1  1   2  0   0  1  0  0  0  1/1     6:15   0:00   1:05 
Mackenzie MacEachern     0  0  0   0  0   2  2  0  0  0  0/2    17:45   5:26   0:43 
Matt Irwin               0  1  1   1  2   1  2  0  0  0  0/0    16:21   0:00   2:12 
Michael Sgarbossa        0  0  0   0  0   4  1  0  0  0  10/25  19:42   5:39   1:47 
Oskar Sundqvist          2  0  2   2  0   2  3  0  0  0  14/27  22:35   4:37   3:38 
Peter Holland            0  1  1   1  2   1  1  0  0  0  10/18  15:54   0:00   0:00 
Phillip Di Giuseppe      0  0  0   0  0   4  2  0  0  0  1/1    20:05   5:26   3:26 
Riley Sutter             0  0  0   1  0   2  3  0  0  0  1/1    14:58   0:00   0:00 
Travis Boyd              1  0  1   0  0   1  0  1  0  0  0/2    16:15   6:24   0:00 

3 Stars

1 - Chris Driedger (LAV)
2 - Oskar Sundqvist (LAV)
3 - Josh Currie (LAV)

Power Play

Heat - 0 on 4 Attempt(s) - 0.00%
Rocket - 1 on 8 Attempt(s) - 12.50%

Penalty Kill

Heat - 7 on 8 Attempt(s) - 87.50% - Score 0 goal in Penalty Kill
Rocket - 4 on 4 Attempt(s) - 100.00% - Score 0 goal in Penalty Kill

Team Stat

Heat - Hits : 23 - Faceoff Wins : 43 - Blocked Shots : 11 - Penalty Minutes : 16
Rocket - Hits : 25 - Faceoff Wins : 42 - Blocked Shots : 4 - Penalty Minutes : 8

Official

Referees : Corey Syvret and Brian Pochmara
Linesman : Julien Fournier and Joseph Mahon

Game Notes

No Game Note

Finance

Level 1 -- Attendance: 1825 (91.25%) -- Ticket Income $63,875
Level 2 -- Attendance: 931 (93.10%) -- Ticket Income $13,965
Total Attendance: 2756 (91.87%)
Total Ticket Income: $77,840
Other Income: $38,142
Total Income: $115,982

Heat

5 vs 5 Forward 
   Center                   Left Wing                Right Wing               Time % Phy DF OF 
 1 Jayson Megna             Nathan Walker            Josh Doan                25     1   2  2  
 2 Jiri Kulich              Georgi Merkulov          Sam Gagner               25     1   2  2  
 3 Tanner Laczynski         Angus Crookshank         Anthony Richard          25     1   2  2  
 4 Andrew Agozzino          Max McCormick            Chris Terry              25     1   2  2  

5 vs 5 Defense 
   Defense                  Defense                                           Time % Phy DF OF 
 1 Alex Goligoski           John Klingberg                                    34     1   2  2  
 2 Mike Reilly              Ben Gleason                                       32     1   2  2  
 3 Ryan Johnson             Marcus Bjork                                      30     1   2  2  
 4 Ben Gleason              John Klingberg                                    4      1   2  2  

PowerPlay Forward 
   Center                   Left Wing                Right Wing               Time % Phy DF OF 
 1 Jayson Megna             Nathan Walker            Josh Doan                50     0   0  5  
 2 Jiri Kulich              Georgi Merkulov          Sam Gagner               50     0   0  5  

PowerPlay Defense
   Defense                  Defense                                           Time % Phy DF OF 
 1 Alex Goligoski           John Klingberg                                    50     0   1  4  
 2 Mike Reilly              Ryan Johnson                                      50     0   1  4  

Penalty Kill 4 Players Forward 
   Center                   Wing                     Time % Phy DF OF 
 1 Tanner Laczynski         Angus Crookshank         50     1   4  0  
 2 Andrew Agozzino          Chris Terry              50     1   4  0  

Penalty Kill 4 Players Defense
   Defense                  Defense                  Time % Phy DF OF 
 1 Alex Goligoski           Ryan Johnson             50     1   4  0  
 2 Ben Gleason              Marcus Bjork             50     1   4  0  

Penalty Kill - 3 Players Forward 
   Forward                                           Time % Phy DF OF 
 1 Tanner Laczynski                                  50     0   5  0  
 2 Andrew Agozzino                                   50     0   5  0  

Penalty Kill - 3 Players Defense
   Defense                  Defense                  Time % Phy DF OF 
 1 Ben Gleason              Marcus Bjork             50     0   5  0  
 2 Alex Goligoski           Ryan Johnson             50     0   5  0  

4 vs 4 Forward 
   Center                   Wing                     Time % Phy DF OF 
 1 Jayson Megna             Josh Doan                50     1   2  2  
 2 Jiri Kulich              Sam Gagner               50     1   2  2  

4 vs 4 Defense
   Defense                  Defense                  Time % Phy DF OF 
 1 Alex Goligoski           Mike Reilly              50     1   2  2  
 2 Ben Gleason              John Klingberg           50     1   2  2  

Last Minutes Offensive
   Center                   Left Wing                Right Wing               Defense                  Defense                  
   Jayson Megna             Nathan Walker            Josh Doan                Alex Goligoski           John Klingberg           

Last Minutes Defensive
   Center                   Left Wing                Right Wing               Defense                  Defense                  
   Jayson Megna             Andrew Agozzino          Josh Doan                Alex Goligoski           Ben Gleason              

Goaltenders
Starting : Ales Stezka              
Backup : Connor MurphyG           

Extra Forwards
Normal : Anthony Richard, Angus Crookshank, Tanner Laczynski - PP : Anthony Richard, Max McCormick - PK : Josh Doan
Extra Defensemen
Normal : Marcus Bjork, Ryan Johnson, Mike Reilly - PP : Marcus Bjork - PK : Mike Reilly, John Klingberg
Penalty Shots
Jiri Kulich, Max McCormick, Anthony Richard, Georgi Merkulov, Sam Gagner
Custom OT Lines Forwards
Josh Doan, Jayson Megna, Sam Gagner, Nathan Walker, Anthony Richard, Jiri Kulich, Georgi Merkulov, Max McCormick, Tanner Laczynski, Andrew Agozzino
Custom OT Lines Defensemen
John Klingberg, Alex Goligoski, Mike Reilly, Ben Gleason, Ryan Johnson

Scratches
Cameron Hughes (Healthy), Tristen Robins (Healthy), Tyler Pitlick (Healthy), Alexander Barabanov (Healthy), John Hayden (Healthy)
Ivan Miroshnichenko (Healthy), Zach Dean (Healthy), Tanner Kero (Healthy), Radim Simek (Healthy), Byron Froese (Healthy)
Joel Hanley (Healthy), Ben McCartney (Healthy), Cole Reinhardt (Healthy), Stanislav Svozil (Healthy), Lucas Ciona (Healthy)
Farm Player 100 (Healthy), Michael Mersch (Healthy), Filip Roos (Healthy), Valtteri Pulli (Healthy), Ben Jones (Healthy)
Sam Morton (Healthy), Glenn Gawdin (Healthy), Marian Studenic (Healthy), Nolan Stevens (Healthy), Chase Wouters (Healthy)
Danila Klimovich (Healthy), Curtis McKenzie (Healthy), Linus Weissbach (Healthy), Vladislav Kolyachonok (Healthy), Zac Dalpe (Healthy)
Jared McIsaac (Healthy), Jaxson Stauber (Healthy), Georgi Romanov (Healthy), Tomas Suchanek (Healthy)

Rocket

5 vs 5 Forward 
   Center                   Left Wing                Right Wing               Time % Phy DF OF 
 1 Oskar Sundqvist          Anders Bjork             Travis Boyd              34     0   3  2  
 2 Michael Sgarbossa        Phillip Di Giuseppe      Mackenzie MacEachern     30     0   2  3  
 3 Peter Holland            Brett Sutter             Riley Sutter             24     1   2  2  
 4 Josh Currie              Lucas Condotta           Oskar Sundqvist          12     1   3  1  

5 vs 5 Defense 
   Defense                  Defense                                           Time % Phy DF OF 
 1 Kevin Shattenkirk        Jayden Struble                                    35     1   3  1  
 2 Matt Irwin               Jake Christiansen                                 30     1   3  1  
 3 Brogan Rafferty          Dysin Mayo                                        25     1   3  1  
 4 Kevin Shattenkirk        Jayden Struble                                    10     1   3  1  

PowerPlay Forward 
   Center                   Left Wing                Right Wing               Time % Phy DF OF 
 1 Michael Sgarbossa        Anders Bjork             Travis Boyd              60     0   0  5  
 2 Oskar Sundqvist          Phillip Di Giuseppe      Mackenzie MacEachern     40     0   0  5  

PowerPlay Defense
   Defense                  Defense                                           Time % Phy DF OF 
 1 Kevin Shattenkirk        Jayden Struble                                    60     0   2  3  
 2 Brogan Rafferty          Jake Christiansen                                 40     0   2  3  

Penalty Kill 4 Players Forward 
   Center                   Wing                     Time % Phy DF OF 
 1 Oskar Sundqvist          Phillip Di Giuseppe      60     1   4  0  
 2 Michael Sgarbossa        Anders Bjork             40     1   4  0  

Penalty Kill 4 Players Defense
   Defense                  Defense                  Time % Phy DF OF 
 1 Kevin Shattenkirk        Jayden Struble           60     1   4  0  
 2 Matt Irwin               Jake Christiansen        40     1   4  0  

Penalty Kill - 3 Players Forward 
   Forward                                           Time % Phy DF OF 
 1 Oskar Sundqvist                                   60     1   4  0  
 2 Michael Sgarbossa                                 40     1   4  0  

Penalty Kill - 3 Players Defense
   Defense                  Defense                  Time % Phy DF OF 
 1 Kevin Shattenkirk        Jayden Struble           60     1   4  0  
 2 Matt Irwin               Jake Christiansen        40     1   4  0  

4 vs 4 Forward 
   Center                   Wing                     Time % Phy DF OF 
 1 Travis Boyd              Anders Bjork             60     1   3  1  
 2 Michael Sgarbossa        Oskar Sundqvist          40     1   3  1  

4 vs 4 Defense
   Defense                  Defense                  Time % Phy DF OF 
 1 Kevin Shattenkirk        Jayden Struble           60     1   3  1  
 2 Matt Irwin               Jake Christiansen        40     1   3  1  

Last Minutes Offensive
   Center                   Left Wing                Right Wing               Defense                  Defense                  
   Oskar Sundqvist          Anders Bjork             Travis Boyd              Kevin Shattenkirk        Jayden Struble           

Last Minutes Defensive
   Center                   Left Wing                Right Wing               Defense                  Defense                  
   Michael Sgarbossa        Phillip Di Giuseppe      Oskar Sundqvist          Kevin Shattenkirk        Jayden Struble           

Goaltenders
Starting : Chris Driedger           
Backup : Antti Raanta             

Extra Forwards
Normal : Peter Holland, Lucas Condotta, Brett Sutter - PP : Josh Currie, Travis Boyd - PK : Mackenzie MacEachern
Extra Defensemen
Normal : Brogan Rafferty, Dysin Mayo, Jake Christiansen - PP : Dysin Mayo - PK : Brogan Rafferty, Dysin Mayo
Penalty Shots
Jayden Struble, Anders Bjork, Kevin Shattenkirk, Jake Christiansen, Michael Sgarbossa
Custom OT Lines Forwards
Travis Boyd, Michael Sgarbossa, Phillip Di Giuseppe, Anders Bjork, Oskar Sundqvist, Mackenzie MacEachern, Peter Holland, Lucas Condotta, Brett Sutter, Josh Currie
Custom OT Lines Defensemen
Kevin Shattenkirk, Jayden Struble, Matt Irwin, Jake Christiansen, Brogan Rafferty

Scratches
Cal Clutterbuck (Suspend), Kale Kessy (Healthy), Mark Duarte (Healthy), Tyson Feist (Healthy), Sam Bitten (Healthy)
Cole Bardreau (Healthy), Mitch McLain (Healthy)

% Time on Ice - Heat

Lines # - Real PCT - Wanted PCT - Time Play
Normal Forward
1 - 25% - 25% - 10:09
2 - 25% - 25% - 10:02
3 - 25% - 25% - 10:05
4 - 25% - 25% - 9:58
Normal Defense
1 - 35% - 34% - 14:06
2 - 30% - 32% - 12:16
3 - 31% - 30% - 12:30
4 - 3% - 4% - 1:22
PP Forward
1 - 53% - 50% - 3:20
2 - 47% - 50% - 2:58
PP Defense
1 - 48% - 50% - 3:00
2 - 52% - 50% - 3:18
PK Forward
1 - 53% - 50% - 5:22
2 - 47% - 50% - 4:42
PK Defense
1 - 52% - 50% - 5:13
2 - 48% - 50% - 4:51
PK3 Forward
1 - 50% - 50% - 0:53
2 - 50% - 50% - 0:53
PK3 Defense
1 - 50% - 50% - 0:53
2 - 50% - 50% - 0:53
44 Forward
1 - 58% - 50% - 0:57
2 - 42% - 50% - 0:41
44 Defense
1 - 58% - 50% - 0:57
2 - 42% - 50% - 0:41
Last Minute Offensive  - 0:00
Last Minute Defensive  - 0:00
Total
Forward - 60:00
Defense - 60:00

% Time on Ice - Rocket

Lines # - Real PCT - Wanted PCT - Time Play
Normal Forward
1 - 22% - 34% - 8:54
2 - 29% - 30% - 11:36
3 - 37% - 24% - 14:58
4 - 12% - 12% - 4:46
Normal Defense
1 - 33% - 35% - 13:07
2 - 34% - 30% - 13:34
3 - 32% - 25% - 12:55
4 - 2% - 10% - 0:38
PP Forward
1 - 54% - 60% - 6:24
2 - 46% - 40% - 5:26
PP Defense
1 - 53% - 60% - 6:19
2 - 47% - 40% - 5:31
PK Forward
1 - 72% - 60% - 4:31
2 - 28% - 40% - 1:47
PK Defense
1 - 45% - 60% - 2:49
2 - 55% - 40% - 3:29
PK3 Forward
1 - 0% - 60%
2 - 0% - 40%
PK3 Defense
1 - 0% - 60%
2 - 0% - 40%
44 Forward
1 - 59% - 60% - 0:58
2 - 41% - 40% - 0:40
44 Defense
1 - 41% - 60% - 0:40
2 - 59% - 40% - 0:58
Last Minute Offensive  - 0:00
Last Minute Defensive  - 0:00
Total
Forward - 60:00
Defense - 60:00

Play-by-Play

1st period


0:01 of 1st period - Jayson Megna wins face-off versus Anders Bjork in neutral zone.
0:47 of 1st period - Icing by Alex Goligoski.
0:48 of 1st period - Peter Holland wins face-off versus Jayson Megna in Heat zone.
0:48 of 1st period - Brogan Rafferty is hit by Alex Goligoski.
1:14 of 1st period - Shot by Riley Sutter.
1:14 of 1st period - Shot Blocked by Sam Gagner.
1:21 of 1st period - Sam Gagner is hit by Riley Sutter and loses puck.
1:27 of 1st period - Minor Penalty to Dysin Mayo for Tripping.
1:28 of 1st period - Jiri Kulich wins face-off versus Oskar Sundqvist in Rocket zone.
1:28 of 1st period - Mike Reilly is hit by Matt Irwin and loses puck.
1:38 of 1st period - Mike Reilly is hit by Phillip Di Giuseppe and loses puck.
3:37 of 1st period - Riley Sutter is hit by Marcus Bjork and loses puck.
3:42 of 1st period - Shot by Brett Sutter.
3:42 of 1st period - Stopped by Ales Stezka without a rebound.
3:43 of 1st period - Tanner Laczynski wins face-off versus Peter Holland in Heat zone.
3:43 of 1st period - Tanner Laczynski is hit by Riley Sutter.
3:59 of 1st period - Shot by Angus Crookshank.
3:59 of 1st period - Stopped by Chris Driedger without a rebound.
4:00 of 1st period - Michael Sgarbossa wins face-off versus Andrew Agozzino in Rocket zone.
4:00 of 1st period - Michael Sgarbossa is hit by Max McCormick.
4:17 of 1st period - Mackenzie MacEachern is hit by Ben Gleason and loses puck.
4:20 of 1st period - Shot by Michael Sgarbossa.
4:20 of 1st period - Shot Blocked by Mike Reilly.
4:22 of 1st period - Shot by Brogan Rafferty.
4:22 of 1st period - Stopped by Ales Stezka without a rebound.
4:23 of 1st period - Brett Sutter wins face-off versus Angus Crookshank in Heat zone.
4:59 of 1st period - Shot by Peter Holland.
4:59 of 1st period - Shot Hit the Post.
5:06 of 1st period - Icing by Marcus Bjork.
5:07 of 1st period - Tanner Laczynski wins face-off versus Michael Sgarbossa in Heat zone.
5:38 of 1st period - Shot by Phillip Di Giuseppe.
5:38 of 1st period - Stopped by Ales Stezka without a rebound.
5:39 of 1st period - Andrew Agozzino wins face-off versus Oskar Sundqvist in Heat zone.
5:39 of 1st period - Andrew Agozzino is hit by Oskar Sundqvist.
5:42 of 1st period - Minor Penalty to Anders Bjork for Interference.
5:43 of 1st period - Oskar Sundqvist wins face-off versus Jayson Megna in Rocket zone.
5:49 of 1st period - Off-side.
5:50 of 1st period - Josh Doan wins face-off versus Michael Sgarbossa in neutral zone.
5:53 of 1st period - Michael Sgarbossa is hit by Nathan Walker and loses puck.
6:03 of 1st period - Minor Penalty to Jayson Megna for High sticking.
6:04 of 1st period - Jiri Kulich wins face-off versus Travis Boyd in Heat zone.
6:34 of 1st period - Shot by Jiri Kulich.
6:34 of 1st period - Stopped by Chris Driedger with a rebound.
7:00 of 1st period - Off-side.
7:01 of 1st period - Anthony Richard wins face-off versus Michael Sgarbossa in neutral zone.
8:00 of 1st period - Mackenzie MacEachern is hit by Angus Crookshank and loses puck.
8:13 of 1st period - Sam Gagner is hit by Brogan Rafferty and loses puck.
8:21 of 1st period - Jiri Kulich is hit by Brogan Rafferty and loses puck.
8:52 of 1st period - Off-side.
8:53 of 1st period - Tanner Laczynski wins face-off versus Josh Currie in neutral zone.
8:55 of 1st period - John Klingberg is hit by Jayden Struble and loses puck.
9:28 of 1st period - Jayden Struble is hit by Angus Crookshank and loses puck.
9:46 of 1st period - Alex Goligoski is hit by Phillip Di Giuseppe and loses puck.
9:56 of 1st period - Icing by Michael Sgarbossa.
9:57 of 1st period - Andrew Agozzino wins face-off versus Michael Sgarbossa in Rocket zone.
10:16 of 1st period - Shot by Michael Sgarbossa.
10:16 of 1st period - Shot Blocked by Ben Gleason.
10:18 of 1st period - Shot by Phillip Di Giuseppe.
10:18 of 1st period - Stopped by Ales Stezka with a rebound.
10:31 of 1st period - Shot by Andrew Agozzino.
10:31 of 1st period - Shot Misses the Net.
10:44 of 1st period - Travis Boyd is hit by Ben Gleason.
10:48 of 1st period - Shot by Travis Boyd.
10:48 of 1st period - Shot Misses the Net.
10:50 of 1st period - Shot by Travis Boyd.
10:50 of 1st period - Shot Misses the Net.
10:52 of 1st period - Shot by Anders Bjork.
10:52 of 1st period - Stopped by Ales Stezka without a rebound.
10:53 of 1st period - Peter Holland wins face-off versus Jayson Megna in Heat zone.
11:08 of 1st period - Shot by Riley Sutter.
11:08 of 1st period - Stopped by Ales Stezka with a rebound.
11:11 of 1st period - Icing by Marcus Bjork.
11:12 of 1st period - Michael Sgarbossa wins face-off versus Jayson Megna in Heat zone.
11:19 of 1st period - Shot by Michael Sgarbossa.
11:19 of 1st period - Shot Misses the Net.
11:34 of 1st period - Icing by Ryan Johnson.
11:35 of 1st period - Riley Sutter wins face-off versus Jayson Megna in Heat zone.
11:49 of 1st period - Icing by Jayson Megna.
11:50 of 1st period - Oskar Sundqvist wins face-off versus Jayson Megna in Heat zone.
12:48 of 1st period - Shot by Sam Gagner.
12:48 of 1st period - Stopped by Chris Driedger with a rebound.
12:55 of 1st period - Kevin Shattenkirk is hit by Ben Gleason and loses puck.
13:06 of 1st period - Shot by Mackenzie MacEachern.
13:06 of 1st period - Stopped by Ales Stezka without a rebound.
13:07 of 1st period - Andrew Agozzino wins face-off versus Peter Holland in Heat zone.
13:07 of 1st period - Andrew Agozzino is hit by Riley Sutter.
13:21 of 1st period - Shot by Riley Sutter.
13:21 of 1st period - Shot Misses the Net.
13:41 of 1st period - Andrew Agozzino is hit by Matt Irwin and loses puck.
14:40 of 1st period - Shot by Sam Gagner.
14:40 of 1st period - Stopped by Chris Driedger without a rebound.
14:41 of 1st period - Jayson Megna wins face-off versus Michael Sgarbossa in Rocket zone.
14:47 of 1st period - Icing by Phillip Di Giuseppe.
14:48 of 1st period - Jiri Kulich wins face-off versus Mackenzie MacEachern in Rocket zone.
14:53 of 1st period - Shot by Georgi Merkulov.
14:53 of 1st period - Stopped by Chris Driedger with a rebound.
15:01 of 1st period - Shot by Phillip Di Giuseppe.
15:01 of 1st period - Shot Blocked by Alex Goligoski.
15:13 of 1st period - Shot by Sam Gagner.
15:13 of 1st period - Shot Misses the Net.
15:17 of 1st period - Shot by Sam Gagner.
15:17 of 1st period - Stopped by Chris Driedger without a rebound.
15:18 of 1st period - Andrew Agozzino wins face-off versus Oskar Sundqvist in Rocket zone.
15:31 of 1st period - Shot by Andrew Agozzino.
15:31 of 1st period - Shot Misses the Net.
15:33 of 1st period - Shot by Marcus Bjork.
15:33 of 1st period - Shot Misses the Net.
15:35 of 1st period - Shot by Chris Terry.
15:35 of 1st period - Shot Blocked by Travis Boyd.
15:55 of 1st period - Shot by Max McCormick.
15:55 of 1st period - Stopped by Chris Driedger without a rebound.
15:56 of 1st period - Jayson Megna wins face-off versus Michael Sgarbossa in Rocket zone.
16:29 of 1st period - Shot by Michael Sgarbossa.
16:29 of 1st period - Shot Misses the Net.
16:31 of 1st period - Shot by Matt Irwin.
16:31 of 1st period - Stopped by Ales Stezka without a rebound.
16:32 of 1st period - Peter Holland wins face-off versus Jiri Kulich in Heat zone.
16:59 of 1st period - Shot by Riley Sutter.
16:59 of 1st period - Stopped by Ales Stezka without a rebound.
17:00 of 1st period - Oskar Sundqvist wins face-off versus Tanner Laczynski in Heat zone.
17:05 of 1st period - Shot by Anders Bjork.
17:05 of 1st period - Stopped by Ales Stezka with a rebound.
17:19 of 1st period - Shot by Anders Bjork.
17:19 of 1st period - Stopped by Ales Stezka without a rebound.
17:20 of 1st period - Andrew Agozzino wins face-off versus Michael Sgarbossa in Heat zone.
17:27 of 1st period - Shot by Mike Reilly.
17:27 of 1st period - Stopped by Chris Driedger without a rebound.
17:28 of 1st period - Josh Currie wins face-off versus Georgi Merkulov in Rocket zone.
17:28 of 1st period - Josh Currie is hit by Sam Gagner.
17:59 of 1st period - Minor Penalty to John Klingberg for Holding.
18:00 of 1st period - Michael Sgarbossa wins face-off versus Andrew Agozzino in Heat zone.
18:13 of 1st period - Shot by Michael Sgarbossa.
18:13 of 1st period - Stopped by Ales Stezka without a rebound.
18:14 of 1st period - Oskar Sundqvist wins face-off versus Tanner Laczynski in Heat zone.
18:27 of 1st period - Shot by Kevin Shattenkirk.
18:27 of 1st period - Shot Blocked by Ryan Johnson.
19:08 of 1st period - Shot by Travis Boyd.
19:08 of 1st period - Shot Misses the Net.
19:20 of 1st period - Shot by Travis Boyd.
19:20 of 1st period - Goal by Travis Boyd - Heat : 0 - Rocket : 1.
19:21 of 1st period - Jayson Megna wins face-off versus Peter Holland in neutral zone.
19:24 of 1st period - Shot by Nathan Walker.
19:24 of 1st period - Shot Misses the Net.
19:26 of 1st period - Shot by Jayson Megna.
19:26 of 1st period - Stopped by Chris Driedger without a rebound.
19:27 of 1st period - Peter Holland wins face-off versus Jayson Megna in Rocket zone.
19:27 of 1st period - Peter Holland is hit by Nathan Walker.
19:33 of 1st period - Nathan Walker is hit by Brett Sutter and loses puck.
Goals for this period are 0 for Heat vs 1 for Rocket.
Shots for this period are 9 for Heat vs 13 for Rocket.

2nd period


0:01 of 2nd period - Tanner Laczynski wins face-off versus Oskar Sundqvist in neutral zone.
0:01 of 2nd period - John Klingberg is hit by Oskar Sundqvist.
0:03 of 2nd period - Shot by Anthony Richard.
0:03 of 2nd period - Stopped by Chris Driedger without a rebound.
0:04 of 2nd period - Tanner Laczynski wins face-off versus Oskar Sundqvist in Rocket zone.
0:20 of 2nd period - Anthony Richard is hit by Jayden Struble and loses puck.
0:35 of 2nd period - Shot by John Klingberg.
0:35 of 2nd period - Stopped by Chris Driedger with a rebound.
0:37 of 2nd period - Shot by Angus Crookshank.
0:37 of 2nd period - Deflect By Anthony Richard.
0:37 of 2nd period - Shot Misses the Net.
0:39 of 2nd period - Shot by Angus Crookshank.
0:39 of 2nd period - Shot Misses the Net.
0:41 of 2nd period - Shot by Anthony Richard.
0:41 of 2nd period - Shot Misses the Net.
1:11 of 2nd period - Shot by Andrew Agozzino.
1:11 of 2nd period - Shot Misses the Net.
1:23 of 2nd period - Shot by Michael Sgarbossa.
1:23 of 2nd period - Stopped by Ales Stezka with a rebound.
1:38 of 2nd period - Icing by Ben Gleason.
1:39 of 2nd period - Andrew Agozzino wins face-off versus Peter Holland in Heat zone.
1:39 of 2nd period - Andrew Agozzino is hit by Peter Holland.
1:48 of 2nd period - Peter Holland is hit by Ben Gleason and loses puck.
1:58 of 2nd period - Icing by Mike Reilly.
1:59 of 2nd period - Lucas Condotta wins face-off versus Max McCormick in Heat zone.
2:01 of 2nd period - Minor Penalty to Ben Gleason for Tripping.
2:02 of 2nd period - Michael Sgarbossa wins face-off versus Angus Crookshank in Heat zone.
2:07 of 2nd period - Shot by Jayden Struble.
2:07 of 2nd period - Stopped by Ales Stezka without a rebound.
2:08 of 2nd period - Tanner Laczynski wins face-off versus Oskar Sundqvist in Heat zone.
2:14 of 2nd period - Minor Penalty to Angus Crookshank for High sticking.
2:15 of 2nd period - Michael Sgarbossa wins face-off versus Tanner Laczynski in Heat zone.
2:16 of 2nd period - Shot by Jayden Struble.
2:16 of 2nd period - Stopped by Ales Stezka with a rebound.
2:34 of 2nd period - Shot by Anders Bjork.
2:34 of 2nd period - Stopped by Ales Stezka without a rebound.
2:35 of 2nd period - Oskar Sundqvist wins face-off versus Andrew Agozzino in Heat zone.
2:54 of 2nd period - Shot by Brogan Rafferty.
2:54 of 2nd period - Shot Blocked by Andrew Agozzino.
3:10 of 2nd period - Shot by Oskar Sundqvist.
3:10 of 2nd period - Shot Blocked by Ryan Johnson.
3:24 of 2nd period - Tanner Laczynski is hit by Michael Sgarbossa and loses puck.
4:05 of 2nd period - Shot by Phillip Di Giuseppe.
4:05 of 2nd period - Shot Misses the Net.
4:07 of 2nd period - Shot by Mackenzie MacEachern.
4:07 of 2nd period - Stopped by Ales Stezka without a rebound.
4:08 of 2nd period - Andrew Agozzino wins face-off versus Travis Boyd in Heat zone.
4:14 of 2nd period - Icing by Jayden Struble.
4:15 of 2nd period - Jiri Kulich wins face-off versus Peter Holland in Rocket zone.
4:26 of 2nd period - Shot by Sam Gagner.
4:26 of 2nd period - Stopped by Chris Driedger without a rebound.
4:27 of 2nd period - Jayson Megna wins face-off versus Josh Currie in Rocket zone.
4:30 of 2nd period - Shot by Alex Goligoski.
4:30 of 2nd period - Shot Misses the Net.
5:04 of 2nd period - Off-side.
5:05 of 2nd period - Michael Sgarbossa wins face-off versus Jiri Kulich in neutral zone.
5:09 of 2nd period - Shot by Michael Sgarbossa.
5:09 of 2nd period - Stopped by Ales Stezka without a rebound.
5:10 of 2nd period - Jiri Kulich wins face-off versus Michael Sgarbossa in Heat zone.
5:19 of 2nd period - Shot by Michael Sgarbossa.
5:19 of 2nd period - Shot Blocked by Ryan Johnson.
5:21 of 2nd period - Shot by Phillip Di Giuseppe.
5:21 of 2nd period - Stopped by Ales Stezka without a rebound.
5:22 of 2nd period - Tanner Laczynski wins face-off versus Peter Holland in Heat zone.
5:37 of 2nd period - Off-side.
5:38 of 2nd period - Oskar Sundqvist wins face-off versus Jiri Kulich in neutral zone.
5:41 of 2nd period - Alex Goligoski is hit by Anders Bjork and loses puck.
5:46 of 2nd period - Shot by Anders Bjork.
5:46 of 2nd period - Stopped by Ales Stezka with a rebound.
6:08 of 2nd period - Shot by Jiri Kulich.
6:08 of 2nd period - Shot Misses the Net.
7:42 of 2nd period - Shot by Jayson Megna.
7:42 of 2nd period - Stopped by Chris Driedger without a rebound.
7:43 of 2nd period - Josh Currie wins face-off versus Andrew Agozzino in Rocket zone.
8:10 of 2nd period - Shot by Oskar Sundqvist.
8:10 of 2nd period - Shot Misses the Net.
8:12 of 2nd period - Shot by Jayden Struble.
8:12 of 2nd period - Shot Misses the Net.
8:14 of 2nd period - Shot by Lucas Condotta.
8:14 of 2nd period - Deflect By Oskar Sundqvist.
8:14 of 2nd period - Shot Misses the Net.
8:16 of 2nd period - Shot by Josh Currie.
8:16 of 2nd period - Deflect By Oskar Sundqvist.
8:16 of 2nd period - Goal by Oskar Sundqvist - Heat : 0 - Rocket : 2.
8:17 of 2nd period - Michael Sgarbossa wins face-off versus Josh Doan in neutral zone.
8:26 of 2nd period - Shot by Michael Sgarbossa.
8:26 of 2nd period - Stopped by Ales Stezka without a rebound.
8:27 of 2nd period - Peter Holland wins face-off versus Jiri Kulich in Heat zone.
8:31 of 2nd period - Icing by John Klingberg.
8:32 of 2nd period - Michael Sgarbossa wins face-off versus Jiri Kulich in Heat zone.
9:08 of 2nd period - Shot by Phillip Di Giuseppe.
9:08 of 2nd period - Stopped by Ales Stezka without a rebound.
9:09 of 2nd period - Jayson Megna wins face-off versus Oskar Sundqvist in Heat zone.
9:09 of 2nd period - Jayson Megna is hit by Oskar Sundqvist.
9:17 of 2nd period - Shot by Nathan Walker.
9:17 of 2nd period - Deflect By Jayson Megna.
9:17 of 2nd period - Shot Blocked by Kevin Shattenkirk.
9:31 of 2nd period - Shot by Jayden Struble.
9:31 of 2nd period - Shot Misses the Net.
9:37 of 2nd period - Shot by Travis Boyd.
9:37 of 2nd period - Shot Misses the Net.
9:39 of 2nd period - Shot by Jayden Struble.
9:39 of 2nd period - Shot Blocked by Josh Doan.
9:41 of 2nd period - Shot by Anders Bjork.
9:41 of 2nd period - Shot Blocked by Ryan Johnson.
10:13 of 2nd period - Shot by Max McCormick.
10:13 of 2nd period - Stopped by Chris Driedger without a rebound.
10:14 of 2nd period - Tanner Laczynski wins face-off versus Michael Sgarbossa in Rocket zone.
10:46 of 2nd period - Minor Penalty to John Klingberg for Holding.
10:47 of 2nd period - Andrew Agozzino wins face-off versus Michael Sgarbossa in Heat zone.
10:47 of 2nd period - Andrew Agozzino is hit by Anders Bjork.
12:07 of 2nd period - Jayden Struble is hit by Tanner Laczynski and loses puck.
12:29 of 2nd period - Icing by Anders Bjork.
12:30 of 2nd period - Josh Currie wins face-off versus Tanner Laczynski in Rocket zone.
13:13 of 2nd period - Shot by Peter Holland.
13:13 of 2nd period - Shot Blocked by Georgi Merkulov.
13:15 of 2nd period - Shot by Brett Sutter.
13:15 of 2nd period - Stopped by Ales Stezka with a rebound.
13:17 of 2nd period - Shot by Dysin Mayo.
13:17 of 2nd period - Stopped by Ales Stezka with a rebound.
13:47 of 2nd period - Shot by Oskar Sundqvist.
13:47 of 2nd period - Goal by Oskar Sundqvist - Heat : 0 - Rocket : 3.
13:48 of 2nd period - Andrew Agozzino wins face-off versus Michael Sgarbossa in neutral zone.
14:05 of 2nd period - Shot by Andrew Agozzino.
14:05 of 2nd period - Stopped by Chris Driedger with a rebound.
14:09 of 2nd period - Shot by Chris Terry.
14:09 of 2nd period - Shot Blocked by Jayden Struble.
14:11 of 2nd period - Shot by Andrew Agozzino.
14:11 of 2nd period - Shot Misses the Net.
14:13 of 2nd period - Shot by Mike Reilly.
14:13 of 2nd period - Shot Misses the Net.
14:57 of 2nd period - Shot by Jayson Megna.
14:57 of 2nd period - Stopped by Chris Driedger without a rebound.
14:58 of 2nd period - Oskar Sundqvist wins face-off versus Tanner Laczynski in Rocket zone.
15:52 of 2nd period - Minor Penalty to Max McCormick for Roughing.
15:53 of 2nd period - Andrew Agozzino wins face-off versus Oskar Sundqvist in Heat zone.
16:10 of 2nd period - Chris Terry is hit by Mackenzie MacEachern and loses puck.
19:14 of 2nd period - Chris Terry is hit by Lucas Condotta and loses puck.
19:44 of 2nd period - Off-side.
19:45 of 2nd period - Peter Holland wins face-off versus Jiri Kulich in neutral zone.
19:47 of 2nd period - Riley Sutter is hit by Sam Gagner.
Goals for this period are 0 for Heat vs 2 for Rocket.
Shots for this period are 7 for Heat vs 14 for Rocket.

3rd period


0:01 of 3rd period - Tanner Laczynski wins face-off versus Oskar Sundqvist in neutral zone.
0:43 of 3rd period - Anders Bjork is hit by Angus Crookshank and loses puck.
1:43 of 3rd period - Shot by Chris Terry.
1:43 of 3rd period - Shot Misses the Net.
3:28 of 3rd period - Shot by Chris Terry.
3:28 of 3rd period - Stopped by Chris Driedger without a rebound.
3:29 of 3rd period - Oskar Sundqvist wins face-off versus Tanner Laczynski in Rocket zone.
3:36 of 3rd period - Jayden Struble is hit by Angus Crookshank.
3:49 of 3rd period - Off-side.
3:50 of 3rd period - Josh Currie wins face-off versus Jayson Megna in neutral zone.
4:43 of 3rd period - Icing by Jake Christiansen.
4:44 of 3rd period - Tanner Laczynski wins face-off versus Peter Holland in Rocket zone.
4:44 of 3rd period - Tanner Laczynski is hit by Jake Christiansen.
4:57 of 3rd period - Minor Penalty to Matt Irwin for Tripping.
4:58 of 3rd period - Oskar Sundqvist wins face-off versus Jiri Kulich in Rocket zone.
4:58 of 3rd period - Oskar Sundqvist is hit by Georgi Merkulov.
5:01 of 3rd period - Jake Christiansen is hit by Jiri Kulich and loses puck.
6:29 of 3rd period - Shot by John Klingberg.
6:29 of 3rd period - Stopped by Chris Driedger without a rebound.
6:30 of 3rd period - Jiri Kulich wins face-off versus Mackenzie MacEachern in Rocket zone.
6:31 of 3rd period - Shot by John Klingberg.
6:31 of 3rd period - Stopped by Chris Driedger without a rebound.
6:32 of 3rd period - Jiri Kulich wins face-off versus Oskar Sundqvist in Rocket zone.
6:49 of 3rd period - Shot by John Klingberg.
6:49 of 3rd period - Stopped by Chris Driedger without a rebound.
6:50 of 3rd period - Michael Sgarbossa wins face-off versus Jayson Megna in Rocket zone.
6:50 of 3rd period - Michael Sgarbossa is hit by Jayson Megna.
7:08 of 3rd period - Shot by Angus Crookshank.
7:08 of 3rd period - Shot Misses the Net.
7:10 of 3rd period - Shot by Tanner Laczynski.
7:10 of 3rd period - Shot Misses the Net.
7:12 of 3rd period - Shot by Anthony Richard.
7:12 of 3rd period - Shot Blocked by Brogan Rafferty.
7:14 of 3rd period - Shot by Angus Crookshank.
7:14 of 3rd period - Stopped by Chris Driedger without a rebound.
7:15 of 3rd period - Oskar Sundqvist wins face-off versus Andrew Agozzino in Rocket zone.
7:51 of 3rd period - Icing by Ben Gleason.
7:52 of 3rd period - Peter Holland wins face-off versus Max McCormick in Heat zone.
8:01 of 3rd period - Shot by Brett Sutter.
8:01 of 3rd period - Shot Hit the Post.
8:14 of 3rd period - Peter Holland is hit by John Klingberg.
8:15 of 3rd period - Minor Penalty to Alex Goligoski for Tripping.
8:16 of 3rd period - Michael Sgarbossa wins face-off versus Tanner Laczynski in Heat zone.
8:18 of 3rd period - Travis Boyd is hit by John Klingberg.
8:49 of 3rd period - Ben Gleason is hit by Anders Bjork and loses puck.
9:09 of 3rd period - Off-side.
9:10 of 3rd period - Tanner Laczynski wins face-off versus Oskar Sundqvist in neutral zone.
9:10 of 3rd period - Tanner Laczynski is hit by Mackenzie MacEachern.
10:10 of 3rd period - Shot by Brogan Rafferty.
10:10 of 3rd period - Stopped by Ales Stezka without a rebound.
10:11 of 3rd period - Phillip Di Giuseppe wins face-off versus Andrew Agozzino in Heat zone.
10:11 of 3rd period - Phillip Di Giuseppe is hit by Ben Gleason.
10:25 of 3rd period - Shot by Peter Holland.
10:25 of 3rd period - Stopped by Ales Stezka with a rebound.
10:29 of 3rd period - Shot by Brett Sutter.
10:29 of 3rd period - Goal by Brett Sutter - Heat : 0 - Rocket : 4.
10:30 of 3rd period - Peter Holland wins face-off versus Jiri Kulich in neutral zone.
11:11 of 3rd period - Icing by Kevin Shattenkirk.
11:12 of 3rd period - Peter Holland wins face-off versus Jayson Megna in Rocket zone.
11:34 of 3rd period - Icing by Alex Goligoski.
11:35 of 3rd period - Jayson Megna wins face-off versus Oskar Sundqvist in Heat zone.
11:45 of 3rd period - Icing by Jake Christiansen.
11:46 of 3rd period - Oskar Sundqvist wins face-off versus Tanner Laczynski in Rocket zone.
12:07 of 3rd period - Shot by Travis Boyd.
12:07 of 3rd period - Shot Hit the Post.
12:52 of 3rd period - Shot by Phillip Di Giuseppe.
12:52 of 3rd period - Shot Misses the Net.
12:54 of 3rd period - Shot by Mackenzie MacEachern.
12:54 of 3rd period - Shot Misses the Net.
13:05 of 3rd period - Minor Penalty to Peter Holland for Cross-checking.
13:06 of 3rd period - Jayson Megna wins face-off versus Oskar Sundqvist in Rocket zone.
13:07 of 3rd period - Shot by Josh Doan.
13:07 of 3rd period - Stopped by Chris Driedger without a rebound.
13:08 of 3rd period - Oskar Sundqvist wins face-off versus Jayson Megna in Rocket zone.
13:41 of 3rd period - Lucas Condotta is hit by Josh Doan and loses puck.
13:52 of 3rd period - Shot by Alex Goligoski.
13:52 of 3rd period - Shot Misses the Net.
13:54 of 3rd period - Shot by John Klingberg.
13:54 of 3rd period - Stopped by Chris Driedger without a rebound.
13:55 of 3rd period - Oskar Sundqvist wins face-off versus Jiri Kulich in Rocket zone.
14:23 of 3rd period - Shot by John Klingberg.
14:23 of 3rd period - Stopped by Chris Driedger with a rebound.
14:25 of 3rd period - Shot by John Klingberg.
14:25 of 3rd period - Stopped by Chris Driedger without a rebound.
14:26 of 3rd period - Jayson Megna wins face-off versus Michael Sgarbossa in Rocket zone.
15:28 of 3rd period - Minor Penalty to Max McCormick for High sticking.
15:29 of 3rd period - Tanner Laczynski wins face-off versus Michael Sgarbossa in Heat zone.
15:55 of 3rd period - Icing by Anders Bjork.
15:56 of 3rd period - Andrew Agozzino wins face-off versus Michael Sgarbossa in Rocket zone.
16:35 of 3rd period - Off-side.
16:36 of 3rd period - Oskar Sundqvist wins face-off versus Tanner Laczynski in neutral zone.
17:15 of 3rd period - Shot by Angus Crookshank.
17:15 of 3rd period - Stopped by Chris Driedger with a rebound.
17:50 of 3rd period - Icing by Dysin Mayo.
17:51 of 3rd period - Jiri Kulich wins face-off versus Peter Holland in Rocket zone.
18:40 of 3rd period - Shot by Jake Christiansen.
18:40 of 3rd period - Stopped by Ales Stezka without a rebound.
18:41 of 3rd period - Tanner Laczynski wins face-off versus Michael Sgarbossa in Heat zone.
18:58 of 3rd period - Shot by Tanner Laczynski.
18:58 of 3rd period - Deflect By Angus Crookshank.
18:58 of 3rd period - Stopped by Chris Driedger without a rebound.
18:59 of 3rd period - Peter Holland wins face-off versus Jayson Megna in Rocket zone.
19:25 of 3rd period - Josh Doan is hit by Jayden Struble and loses puck.
Goals for this period are 0 for Heat vs 1 for Rocket.
Shots for this period are 11 for Heat vs 4 for Rocket.